 Dungeon Crawl Stone Soup version 0.24.1 (webtiles) character file.

Game seed: 11931917779695718770, levelgen mode: deterministic

534517 Amplified the Conqueror (level 25, -11/256 (257) HPs)
             Began as a Minotaur Earth Elementalist on Mar 23, 2020.
             Was the Champion of Makhleb.
             Mangled by the Royal Jelly (21 damage)
             ... on level 5 of the Pits of Slime on Mar 24, 2020.
             The game lasted 02:03:09 (55988 turns).

Amplified the Conqueror (MiEE)                     Turns: 55988, Time: 02:03:10

HP:   -11/256 (257) AC: 18    Str: 13    XL:     25   Next: 6%
MP:   34/36         EV: 25    Int: 21    God:    Makhleb [******]
Gold: 1910          SH: 17    Dex: 22    Spells: 14/45 levels left

rFire    + + .     SeeInvis .   f - +5 eveningstar (crush)
rCold    + . .     Gourm    +   S - +3 shield {reflect}
rNeg     + + +     Faith    .   v - +1 scale mail of Chill Winds {*Drain rPois rN+++ Str-2} (curse)
rPois    +         Spirit   .   (helmet unavailable)
rElec    .         Reflect  +   s - scarf {rC+ rF+}
rCorr    +         Harm     .   q - +2 pair of gloves
MR       +++..                  r - +2 pair of boots
Stlth    +.........             c - amulet of the gourmand
HPRegen  0.52/turn              M - ring of the Mage {Wiz MR++ Int+3}
MPRegen  0.25/turn              O - ring of resist corrosion

@: brilliant, deflect missiles
A: retaliatory headbutt, horns 3, yellow scales 1, deformed body, fire
resistance 1, strong 1
}: 2/15 runes: decaying, serpentine
a: Minor Destruction, Lesser Servant of Makhleb, Major Destruction, Greater
Servant of Makhleb, Renounce Religion


You were on level 5 of the Pits of Slime.
You worshipped Makhleb.
Makhleb was exalted by your worship.
You were full.

You visited 11 branches of the dungeon, and saw 52 of its levels.
You visited the Abyss 1 time.
You also visited: Bailey, Gauntlet, Ice Cave and Wizlab.

You collected 6375 gold pieces.
You spent 4465 gold pieces at shops.

Inventory:

Hand Weapons
 f - a +5 eveningstar of crushing (weapon)
 k - the +7 long sword of Dithmenos's Whim {flame, Str+10}
   (You bought it in a shop on level 5 of the Dungeon)

   It has been specially enchanted to burn those struck by it, causing extra
   injury to most foes and up to half again as much damage against particularly
   susceptible opponents.
   Big, fiery blades are also staple armaments of hydra-hunters.
   It affects your strength (+10).
 y - a +2 vampiric eveningstar
Missiles
 t - 16 curare-tipped darts (quivered)
 X - 649 stones
Armour
 j - the +4 moon troll leather armour {Spirit, Regen++ MP+5}
   (You took it off a moon troll in a wizard's laboratory)

   It affects your magic capacity (+5).
   It increases your rate of regeneration.
 q - a +2 pair of gloves (worn)
 r - a +2 pair of boots (worn)
 s - a scarf of resistance (worn)
 v - the cursed +1 scale mail of Chill Winds (worn) {*Drain rPois rN+++ Str-2}
   (You bought it in a shop on level 3 of the Elven Halls)

   It affects your strength (-2).
   It protects you from poison.
   It renders you almost immune to negative energy.
   It causes draining when unequipped.
   It has a curse placed upon it.
 z - the cursed +1 leather armour of the Big Bang {rElec rPois}
   (You found it on level 2 of the Depths)

   It insulates you from electricity.
   It protects you from poison.
   It has a curse placed upon it.
 K - a +2 hat of see invisible
 S - a +3 shield of reflection (worn)
 V - the +3 chain mail "Farudghe" {rPois rN+ Str+4}
   (You found it on level 4 of the Swamp)

   It affects your strength (+4).
   It protects you from poison.
   It protects you from negative energy.
Jewellery
 a - the ring of Xom's Best Wishes {rC+ Str+3 Int+3}
   (You found it on level 3 of the Elven Halls)

   [ring of protection from cold]

   It affects your strength (+3).
   It affects your intelligence (+3).
   It protects you from cold.
 c - an amulet of the gourmand (around neck)
 o - the ring of Vodka {-Tele AC+3 Dex+3 Stlth+}
   (You found it on level 3 of the Elven Halls)

   [ring of protection]

   It affects your AC (+3).
   It affects your dexterity (+3).
   It prevents most forms of teleportation.
   It makes you more stealthy.
 p - a ring of the Octopus King {MP+9 AC+1 EV+1 Str+1 Int+1 Dex+1}
   (You found it in a Gauntlet)

   [ring of magical power]

   It affects your AC (+1).
   It affects your evasion (+1).
   It affects your strength (+1).
   It affects your intelligence (+1).
   It affects your dexterity (+1).
   It affects your magic capacity (+9).
 M - the ring of the Mage (left hand) {Wiz MR++ Int+3}
   (You found it in a Gauntlet)

   [ring of wizardry]

   It improves your spell success rate.
   It affects your intelligence (+3).
   It affects your resistance to hostile enchantments.
 O - a ring of resist corrosion (right hand)
 P - the ring "Bubudd" {+Fly rPois Str+7 Dex-2 Stlth+}
   (You took it off a vault sentinel on level 2 of the Vaults)

   [ring of stealth]

   It affects your strength (+7).
   It affects your dexterity (-2).
   It protects you from poison.
   It lets you fly.
   It makes you more stealthy.
Wands
 b - a wand of paralysis (8)
 e - a wand of iceblast (48)
 i - a wand of acid (31)
 B - a wand of clouds (6)
 C - a wand of polymorph (7)
Scrolls
 h - 11 scrolls of amnesia
 l - 21 scrolls of remove curse
 m - 3 scrolls of holy word
 A - 13 scrolls of immolation
 N - 4 scrolls of identify
 Q - 4 scrolls of magic mapping
 R - 3 scrolls of teleportation
 T - 5 scrolls of fog
 Y - 3 scrolls of fear
Potions
 g - 5 potions of flight
 x - 22 potions of curing
 E - 11 potions of lignification
 H - 9 potions of mutation
 J - 3 potions of heal wounds
 L - 4 potions of magic
 Z - a potion of ambrosia
Miscellaneous
 I - a lamp of fire (inert)
Comestibles
 d - 43 rations


   Skills:
 O Level 27 Fighting
 - Level 14.2 Long Blades
 - Level 16.0 Maces & Flails
 - Level 18.3 Armour
 - Level 20.6 Dodging
 - Level 1.5 Stealth
 - Level 15.9 Shields
 * Level 10.8 Spellcasting
 - Level 3.0 Hexes
 - Level 3.0 Charms
 * Level 5.1 Necromancy
 - Level 2.5 Translocations
 - Level 11.2 Transmutations
 * Level 10.8 Earth Magic
 - Level 6.8 Invocations
 - Level 6.1 Evocations


You had 14 spell levels left.
You knew the following spells:

 Your Spells              Type           Power        Failure   Level  Hunger
a - Spectral Weapon       Hex/Chrm       #####...     1%          3    None
b - Passwall              Tmut/Erth      ######..     1%          2    None
c - Apportation           Tloc           ####..       1%          1    None
d - Lee's Rapid Deconstr  Erth           ######....   1%          5    ####...
e - Blink                 Tloc           N/A          1%          2    None
f - Borgnjor's Vile Clut  Necr/Erth      ######....   1%          5    ####...
g - Confusing Touch       Hex            #####.       1%          1    None
h - Iron Shot             Conj/Erth      #####.....   26%         6    ######.
i - Deflect Missiles      Chrm/Air       ####......   69%         6    ######.

Your spell library contained the following spells:

 Spells                   Type           Power        Failure   Level  Hunger
 Animate Skeleton         Necr           N/A          1%          1    None
 Beastly Appendage        Tmut           ######       1%          1    None
 Corona                   Hex            #####..      1%          1    None
 Flame Tongue             Conj/Fire      ###..        1%          1    None
 Infusion                 Chrm           ####         1%          1    None
 Magic Dart               Conj           ###.         1%          1    None
 Pain                     Necr           ####         1%          1    None
 Sandblast                Erth           ######       1%          1    None
 Shock                    Conj/Air       ###.         1%          1    None
 Sting                    Conj/Pois      ###.         1%          1    None
 Summon Butterflies       Summ           ###.....     1%          1    None
 Summon Small Mammal      Summ           ###.         1%          1    None
 Corpse Rot               Necr           N/A          1%          2    None
 Ensorcelled Hibernation  Hex/Ice        ####..       1%          2    None
 Slow                     Hex            #####...     1%          2    None
 Sticks to Snakes         Tmut           ######..     1%          2    None
 Sublimation of Blood     Necr           #####.....   1%          2    None
 Swiftness                Chrm/Air       ####....     1%          2    None
 Confuse                  Hex            #####...     1%          3    None
 Portal Projectile        Hex/Tloc       #####.       1%          3    None
 Spider Form              Tmut/Pois      #####.....   1%          3    None
 Stone Arrow              Conj/Erth      #####.       1%          3    None
 Tukima's Dance           Hex            #####...     1%          3    None
 Ice Form                 Ice/Tmut       #####...     1%          4    ##.....
 Leda's Liquefaction      Hex/Erth       ######....   1%          4    ##.....
 Petrify                  Tmut/Erth      ######..     1%          4    ##.....
 Blade Hands              Tmut           ######....   1%          5    ####...
 Gell's Gravitas          Tloc           ####......   2%          3    None
 Lesser Beckoning         Tloc           ####......   2%          3    None
 Animate Dead             Necr           N/A          2%          4    ##.....
 Yara's Violent Unravell  Hex/Tmut       ######....   2%          5    ####...
 Call Imp                 Summ           ###.....     3%          2    None
 Poisonous Vapours        Pois/Air       ###...       3%          2    None
 Searing Ray              Conj           ###...       3%          2    None
 Throw Flame              Conj/Fire      ###...       3%          2    None
 Throw Frost              Conj/Ice       ###...       3%          2    None
 Dazzling Spray           Conj/Hex       ####..       3%          3    None
 Inner Flame              Hex/Fire       ####....     3%          3    None
 Recall                   Summ/Tloc      N/A          3%          3    None
 Summon Guardian Golem    Hex/Summ       ####....     3%          3    None
 Call Canine Familiar     Summ           ###.....     5%          3    None
 Conjure Flame            Conj/Fire      ###.....     5%          3    None
 Mephitic Cloud           Conj/Pois/Air  ###.....     5%          3    None
 Static Discharge         Conj/Air       ###.....     5%          3    None
 Cause Fear               Hex            #####.....   5%          4    ##.....
 Alistair's Intoxication  Tmut/Pois      #####...     5%          5    ####...
 Dispel Undead            Necr           #####...     6%          5    ####...
 Passage of Golubria      Tloc           N/A          7%          4    ##.....
 Excruciating Wounds      Chrm/Necr      #####.....   9%          5    ####...
 Fulminant Prism          Conj/Hex       ####......   10%         4    ##.....
 Force Lance              Conj/Tloc      ####....     11%         4    ##.....
 Bolt of Magma            Conj/Fire/Erth #####.....   11%         5    ####...
 Airstrike                Air            ###.......   16%         4    ##.....
 Iskenderun's Mystic Bla  Conj           ###.....     16%         4    ##.....
 Summon Ice Beast         Ice/Summ       ###.....     16%         4    ##.....
 Iskenderun's Battlesphe  Conj/Chrm      ####....     22%         5    ####...
 Metabolic Englaciation   Hex/Ice        ####......   22%         5    ####...
 Silence                  Hex/Air        ####......   22%         5    ####...
 Summon Mana Viper        Hex/Summ       ####....     22%         5    ####...
 Death Channel            Necr           #####.....   28%         6    ######.
 Lightning Bolt           Conj/Air       ###.......   38%         5    ####...
 Summon Demon             Summ           ###.......   38%         5    ####...
 Venom Bolt               Conj/Pois      ###.......   38%         5    ####...
 Darkness                 Hex            #####.....   50%         6    ######.
 Invisibility             Hex            #####...     50%         6    ######.
 Simulacrum               Ice/Necr       ####......   56%         6    ######.
 Bolt of Cold             Conj/Ice       ###.......   86%         6    ######.
 Freezing Cloud           Conj/Ice/Air   ###.......   86%         6    ######.
 Ozocubu's Refrigeration  Ice            ###.......   86%         6    ######.
 Poison Arrow             Conj/Pois      ###.......   86%         6    ######.
 Malign Gateway           Summ/Tloc      ####......   99%         7    #######
 Ring of Flames           Chrm/Fire      ####......   99%         7    #######
 Lehudib's Crystal Spear  Conj/Erth      #####.....   99%         8    #######
 Orb of Destruction       Conj           ###.......   100%        7    #######
 Spellforged Servitor     Conj/Summ      ###.......   100%        7    #######
 Summon Hydra             Summ           ###.......   100%        7    #######
 Chain Lightning          Conj/Air       ###.......   100%        8    #######
 Discord                  Hex            #####.....   100%        8    #######
 Fire Storm               Conj/Fire      ###.......   100%        9    #######
 Glaciate                 Conj/Ice       ###.......   100%        9    #######


Dungeon Overview and Level Annotations

Branches:
Dungeon (15/15)            Temple (1/1) D:4            Lair (6/6) D:9
  Swamp (4/4) Lair:3        Snake (4/4) Lair:2        Slime (5/5) Lair:5
    Orc (2/2) D:9             Elf (3/3) Orc:2        Vaults (4/5) D:14
  Crypt (3/3) Vaults:3       Tomb (0/3) Crypt:3      Depths (5/5) D:15
 Bailey (visited)           IceCv (visited)          WizLab (visited)
Gauntlet (visited)
    Zot: Depths:5

Altars:
Ashenzari
Cheibriados
Dithmenos
Elyvilon
Fedhas
Gozag
Hepliaklqana
Kikubaaqudgha
Makhleb
Nemelex Xobeh
Okawaru
Qazlal
Ru
Sif Muna
Trog
Uskayaw
Vehumet
Wu Jian
Xom
Yredelemnul
Zin
The Shining One
Beogh
Jiyva
Lugonu

Shops:
D:5 *   D:10 [   D:11 ?   D:12 (   Orc:1 =   Orc:2 *[?*   Elf:1 =   Elf:3 [
Vaults:4 (   Depths:2 :

Portals:
Hell: Depths:1 Depths:2 Depths:3 Depths:4
Abyss: Depths:1 Depths:2 Depths:3 Depths:4
Pandemonium: Depths:1 Depths:3
Ziggurat: Depths:2
Trove: D:15 (show slimy rune of Zot)

Annotations:
Lair:2 exclusion: 3 oklob plants
Snake:2 Frances
Slime:5 Royal Jelly
Orc:2 Switch to M&F if Manual
Elf:2 2 runed translucent doors
Vaults:4 exclusion: orange crystal statue


Innate Abilities, Weirdness & Mutations

You reflexively headbutt those who attack you in melee.
You have a pair of large horns on your head.
You are partially covered in yellow scales. (AC +2)
Armour fits poorly on your strangely shaped body.
Your flesh is heat resistant. (rF+)
Your muscles are strong. (Str +2)


Message History

* * * LOW HITPOINT WARNING * * *
The Royal Jelly is almost dead.
The Royal Jelly shudders violently.
The Royal Jelly spits out three more jellies.
The azure jelly closely misses you. You furiously retaliate!
You headbutt the azure jelly. You block the azure jelly's attack. x2
The azure jelly hits you.
* * * LOW HITPOINT WARNING * * *
The azure jelly hits you.
* * * LOW HITPOINT WARNING * * *
The azure jelly freezes you! You resist.
* * * LOW HITPOINT WARNING * * *
The azure jelly hits you.
* * * LOW HITPOINT WARNING * * *
The azure jelly freezes you! You resist.
* * * LOW HITPOINT WARNING * * *
The azure jelly hits you but does no damage.
The azure jelly completely misses you. The death ooze misses you.
You block the death ooze's attack. The Royal Jelly hits you!!
You die...

......####?(#|#.##}#?(###........
.......##)?|%##..##?:$)# #.......
......###$=[[=##J#(|)|)###.......
.......###([%##..##$}$##.........
........###?( #.## )[##..........
..........##? #.J# ###..........
..........######J# ##......^.....
............#.##J###.............
..............JJ@JJ..............
...............JJJ...............
...............J.................
.................................
.................................
...........................J<..#.
...............................##
...............................#
##.............................#


You could see the Royal Jelly, 2 acid blobs, 2 azure jellies and 6 death oozes.

Vanquished Creatures
  An ancient lich (Crypt:3)
  Mara (Crypt:3)
  Sojobo (Crypt:1)
  the Lernaean hydra (Swamp:4)
  A caustic shrike (Depths:2)
  Vashnia (Snake:4)
  Saint Roka (Orc:2)
  Jory (Crypt:2)
  A golden dragon (Depths:4)
  4 liches
  A bone dragon (Crypt:3)
  Rupert (Lair:6)
  4 tentacled monstrosities
  Asterion (Vaults:3)
  2 deep elf blademasters (Elf:3)
  A moon troll (WizLab)
  22 acid blobs
  A quicksilver dragon (WizLab)
  7 tentacled starspawn
  Gastronok (Lair:2)
  2 deep elf master archers (Elf:3)
  An ancient champion (Crypt:2)
  5 tengu reavers
  2 storm dragons
  Donald (Orc:2)
  7 nagarajas
  10 azure jellies
  The ghost of Jaoll the Warrior, an adept HuWr of Hepliaklqana (Swamp:3)
  9 fire giants
  The ghost of Peloso the Peltast, a journeyman MiFi of Okawaru (Swamp:3)
  The ghost of Qemahefa the Bludgeoner, an adept GrFi of Okawaru (Swamp:3)
  2 cacodemons (WizLab)
  5 deep elf sorcerers (Elf:3)
  6 frost giants
  The ghost of Voischum the Protected, a journeyman GnWn of Kikubaaqudgha (D:14)
  Aizul (Snake:1)
  An orc warlord (Elf:2)
  A deep elf elementalist (Elf:3)
  Louise (Depths:4)
  11 vault wardens
  3 curse skulls (Crypt:2)
  A ghoul (Crypt:3)
  22 very ugly things
  12 ironheart preservers
  An entropy weaver (Vaults:3)
  20 stone giants
  4 war gargoyles (Crypt:3)
  A caustic shrike skeleton (Crypt:1)
  7 vampire knights
  2 deep elf demonologists (Elf:3)
  A black draconian (Depths:5)
  5 deep elf annihilators (Elf:3)
  A minotaur (Gauntlet)
  A white draconian (Depths:5)
  12 spark wasps
  A purple draconian (Depths:5)
  4 eidola (Crypt:2)
  2 blizzard demons (IceCv)
  5 ettins
  13 deep elf death magi
  4 crystal guardians
  7 death oozes
  A merfolk impaler (Depths:2)
  8 fire dragons
  13 ogre magi
  A quicksilver dragon zombie (Crypt:3)
  10 great orbs of eyes
  4 jiangshi
  9 yaktaur captains
  13 vault guards
  Erolcha (Orc:2)
  12 naga warriors
  7 ice dragons
  5 rakshasas
  2 ghost crabs (Swamp:4)
  21 hydras
  3 spriggan air magi
  A quicksilver dragon skeleton (Crypt:1)
  A catoblepas (Lair:6)
  8 centaur warriors
  A shambling mangrove (Swamp:3)
  9 anacondas
  35 two-headed ogres
  6 death knights
  4 deep troll shamans
  6 deep troll earth magi
  9 alligators
  7 tengu warriors
  14 dancing weapons
  6 orc high priests
  4 vampire magi
  16 naga sharpshooters
  5 death yaks (D:9)
  A thrashing horror (Depths:4)
  7 deep elf knights
  5 shock serpents
  Sonja (D:11)
  A storm dragon zombie (Crypt:1)
  7 spriggan berserkers
  A soul eater (Crypt:2)
  3 wretched stars
  6 hell knights (Crypt:3)
  3 iron trolls
  2 salamander mystics (Snake:3)
  5 shadow wraiths
  20 skeletal warriors
  A ghost moth zombie (Crypt:3)
  8 unseen horrors
  3 wizards
  An anaconda zombie (Crypt:3)
  A spriggan druid (Swamp:4)
  An unseen horror (shapeshifter) (Elf:3)
  4 deep elf archers
  A glowing orange brain (shapeshifter) (Vaults:1)
  13 deep trolls
  5 naga ritualists
  13 glowing orange brains
  Pikel (D:5)
  7 flayed ghosts
  7 swamp dragons
  5 harpies (Vaults:2)
  9 phantasmal warriors
  8 necromancers
  4 wolf spiders
  19 deep elf magi
  14 ironbrand convokers
  5 mana vipers
  6 orc sorcerers
  2 manticores (shapeshifter)
  6 shining eyes
  55 ugly things
  8 cyclopes
  155 slime creatures
  19 orc knights
  An iron dragon skeleton (Crypt:3)
  2 frost giant zombies
  10 salamanders
  A salamander (shapeshifter) (Vaults:2)
  A shock serpent zombie (Crypt:3)
  A worldbinder (Depths:4)
  5 centaur zombies
  2 guardian serpents
  2 rust devils (Depths:1)
  30 black mambas
  Joseph (D:7)
  5 eyes of devastation (WizLab)
  An ice statue (IceCv)
  2 dire elephant zombies
  23 naga magi
  15 vault sentinels
  Psyche (D:10)
  A stone giant skeleton (Crypt:2)
  2 water nymphs (shapeshifter)
  A spiny frog (shapeshifter) (Elf:1)
  A gargoyle (D:12)
  Maurice (D:10)
  11 spiny frogs
  A torpor snail (shapeshifter) (Elf:1)
  A rime drake (shapeshifter) (Vaults:3)
  A komodo dragon (shapeshifter) (Vaults:3)
  5 ice devils (IceCv)
  4 rime drakes
  A yaktaur (shapeshifter) (Depths:2)
  An anaconda simulacrum (IceCv)
  9 komodo dragons
  40 yaktaurs
  A hellwing (Depths:1)
  A golden dragon simulacrum (IceCv)
  13 freezing wraiths
  A tormentor (Depths:1)
  4 tengu conjurers
  11 trolls
  A merfolk (shapeshifter) (Vaults:2)
  4 polar bears
  A hydra zombie (Crypt:3)
  3 meliai (D:15)
  13 large abominations
  11 tyrant leeches
  A red draconian skeleton (Crypt:2)
  8 blink frogs
  16 hornets
  Prince Ribbit (Lair:1)
  23 bog bodies
  A blink frog (shapeshifter) (Vaults:2)
  9 dream sheep (Lair:6)
  14 hippogriffs
  A fire dragon zombie (Crypt:3)
  A snapping turtle (shapeshifter) (Depths:5)
  29 flying skulls
  A redback (shapeshifter) (Vaults:1)
  4 redbacks (Vaults:3)
  A vampire (D:13)
  9 shadows
  2 tarantellas (shapeshifter)
  A fire dragon skeleton (Crypt:3)
  8 wraiths
  A ynoxinul (Depths:1)
  2 spriggans (shapeshifter)
  21 spriggans
  3 water elementals
  2 dire elephant simulacra (IceCv)
  An ettin skeleton (Crypt:1)
  Grum (D:8)
  55 yaks
  3 basilisks
  8 golden eyes
  7 hungry ghosts
  A warg (Orc:2)
  4 fire elementals
  3 neqoxecs
  Menkaure (D:7)
  25 insubstantial wisps
  11 vampire mosquitoes
  2 acid dragons (D:13)
  41 nagas
  4 harpy simulacra (IceCv)
  3 iron troll simulacra (IceCv)
  18 swamp worms
  3 hydra simulacra (IceCv)
  A glowing shapeshifter zombie (Crypt:2)
  A torturous demonspawn zombie (Crypt:2)
  20 water moccasins
  A water nymph zombie (Crypt:1)
  2 soldier ants
  A floating eye (shapeshifter) (Vaults:1)
  7 porcupines
  A soldier ant (shapeshifter) (Depths:1)
  2 floating eyes (Depths:2)
  4 ice beasts
  12 swamp drakes
  4 hell hounds (Depths:5)
  58 orc warriors
  9 small abominations
  3 black bears (Lair:6)
  2 phantoms
  2 sky beasts
  A spiny frog skeleton (Crypt:1)
  6 eyes of draining
  An alligator simulacrum (IceCv)
  An ettin simulacrum (IceCv)
  19 boggarts
  An eye of draining (shapeshifter) (Vaults:2)
  A dream sheep skeleton (Crypt:2)
  5 necrophages
  27 ogres
  A snapping turtle skeleton (Crypt:2)
  A swamp dragon skeleton (Crypt:3)
  29 wolves
  16 centaurs
  12 crocodiles
  A torpor snail zombie (Crypt:1)
  3 elf zombies (Elf:1)
  2 big kobolds
  21 bullfrogs
  2 earth elementals
  A warg zombie (Crypt:1)
  2 wyvern skeletons
  7 scorpions
  A warg skeleton (Crypt:1)
  14 killer bees
  A troll skeleton (Crypt:2)
  7 wights
  3 howler monkeys
  3 electric eels (Lair:3)
  A bullfrog zombie (D:13)
  12 crimson imps
  19 starcursed masses
  2 quasits
  39 orc priests
  A draconian simulacrum (IceCv)
  6 jellies
  9 hounds
  4 iron imps (Depths:1)
  23 orc wizards
  2 bullfrog skeletons
  5 centaur skeletons
  6 iguanas
  Natasha (D:3)
  5 troll simulacra (IceCv)
  4 polar bear simulacra (IceCv)
  14 worker ants
  A centaur simulacrum (IceCv)
  A dwarf zombie (Crypt:1)
  A demigod skeleton (Crypt:1)
  A hound zombie (D:6)
  A howler monkey zombie (D:5)
  13 gnolls (Bailey)
  8 adders
  3 naga simulacra (IceCv)
  7 shadow imps
  4 white imps (IceCv)
  6 ufetubi
  3 oozes
  4 adder skeletons
  An iguana skeleton (Crypt:2)
  5 worms
  4 dart slugs
  9 leopard geckos
  125 orcs
  2 ball pythons
  4 bats (D:2)
  5 giant cockroaches
  4 goblins
  17 hobgoblins
  14 jackals
  22 kobolds
  5 quokkas
  A dart slug zombie (Crypt:1)
  17 frilled lizards
  A leopard gecko skeleton (D:9)
  A leopard gecko zombie (D:6)
  A quokka skeleton (D:6)
  4 rats (D:3)
  A crawling corpse (Vaults:3)
  9 starspawn tentacles
2311 creatures vanquished.

Vanquished Creatures (collateral kills)
  The ghost of Thomus the Executioner, an adept MiBe of Trog (Swamp:3)
  A tentacled starspawn (WizLab)
  The ghost of Brecoman the Stormcaller, a journeyman TeAE of Vehumet (Swamp:3)
  A very ugly thing (WizLab)
  A death ooze (Slime:5)
  A shambling mangrove (Swamp:2)
  An anaconda (Snake:3)
  A two-headed ogre (Vaults:2)
  A shock serpent (Snake:3)
  A glowing orange brain (WizLab)
  A swamp dragon (Swamp:4)
  An ironbrand convoker (Vaults:2)
  An orange crystal statue (WizLab)
  A salamander (Snake:3)
  An ugly thing (WizLab)
  A black mamba (Snake:2)
  A spiny frog (Lair:6)
  2 hornets
  A tyrant leech (Swamp:1)
  2 slime creatures
  A flying skull (Crypt:3)
  2 spriggans
  2 insubstantial wisps
  4 orc warriors
  A wolf (Lair:6)
  3 orc wizards
  An orc priest (Orc:2)
  5 orcs
41 creatures vanquished.

Vanquished Creatures (others)
  An ice dragon (Depths:2)
  3 centaur warriors
  2 naga sharpshooters (Snake:4)
  A spriggan (Depths:2)
  3 deep elf archers
  2 cyclopes
  An ugly thing (Depths:2)
  A vault sentinel (Vaults:3)
  A naga mage (Snake:4)
  6 yaktaurs
  A hornet (Depths:2)
  An orc warrior (Orc:2)
  5 centaurs
  A white imp (IceCv)
  2 ufetubi (IceCv)
  A butterfly (D:5)
  7 fungi
  3 plants (Swamp:4)
  34 spectral weapons
  29 starspawn tentacles
105 creatures vanquished.

Grand Total: 2457 creatures vanquished

Notes
Turn   | Place    | Note
-------+----------+-------------------------------------------
     0 | D:1      | Amplified the Minotaur Earth Elementalist began the quest
                  | for the Orb.
     0 | D:1      | Reached XP level 1. HP: 14/14 MP: 1/1
   190 | D:1      | Reached skill level 1 in Fighting
   211 | D:1      | Reached skill level 1 in Armour
   224 | D:1      | Reached XP level 2. HP: 20/23 MP: 3/3
   623 | D:2      | Reached XP level 3. HP: 29/29 MP: 2/4
   719 | D:2      | Reached skill level 2 in Fighting
  1539 | D:3      | Reached XP level 4. HP: 32/37 MP: 2/5
  1782 | D:3      | Noticed Natasha
  1783 | D:3      | Reached skill level 3 in Fighting
  1783 | D:3      | Reached XP level 5. HP: 28/45 MP: 0/6
  2313 | D:4      | Reached skill level 1 in Maces & Flails
  2341 | D:4      | Reached XP level 6. HP: 41/52 MP: 7/7
  2361 | D:5      | Entered Level 5 of the Dungeon
  2488 | D:5      | Reached skill level 4 in Fighting
  2570 | D:5      | Found Vuedgh's General Store.
  2621 | D:3      | Learned a level 2 spell: Passwall
  2672 | D:3      | Killed Natasha
  2696 | D:3      | Reached skill level 1 in Long Blades
  2961 | D:4      | Found a staircase to the Ecumenical Temple.
  2968 | Temple   | Entered the Ecumenical Temple
  3046 | Temple   | Became a worshipper of Makhleb the Destroyer
  3090 | D:5      | Reached skill level 1 in Shields
  3138 | D:5      | Reached XP level 7. HP: 60/60 MP: 8/8
  3207 | D:5      | Noticed Pikel
  3320 | D:6      | Reached skill level 5 in Fighting
  3614 | D:6      | Reached * piety under Makhleb
  3758 | D:6      | Reached skill level 6 in Fighting
  3947 | D:6      | Found a snail-covered altar of Cheibriados.
  4360 | D:5      | Killed Pikel
  4360 | D:5      | Reached skill level 7 in Fighting
  4360 | D:5      | Reached skill level 5 in Long Blades
  4360 | D:5      | Reached skill level 5 in Shields
  4360 | D:5      | Reached XP level 8. HP: 69/73 MP: 9/9
  4775 | D:4      | Found a shattered altar of Ashenzari.
  5146 | D:7      | Noticed Menkaure
  5154 | D:7      | Killed Menkaure
  5182 | D:7      | Reached skill level 8 in Fighting
  5182 | D:7      | Reached XP level 9. HP: 80/81 MP: 10/10
  5245 | D:7      | You fall into a shaft and drop 2 floors!
  5245 | D:9      | Found a staircase to the Orcish Mines.
  5251 | D:9      | Noticed a two-headed ogre
  5309 | D:9      | Killed a two-headed ogre
  5326 | D:9      | Reached ** piety under Makhleb
  5326 | D:9      | Reached skill level 9 in Fighting
  5892 | D:9      | Noticed a death yak
  5990 | D:9      | Reached XP level 10. HP: 82/93 MP: 11/11
  6072 | D:8      | Reached skill level 10 in Fighting
  6237 | D:8      | Found a radiant altar of Vehumet.
  6317 | D:8      | Reached *** piety under Makhleb
  6760 | D:8      | Noticed Grum
  6775 | D:8      | Killed Grum
  7154 | D:7      | Noticed Joseph
  7187 | D:7      | Killed Joseph
  7287 | D:7      | Reached skill level 10 in Long Blades
  7605 | D:9      | Found a staircase to the Lair.
  7645 | D:9      | Noticed a death yak
  7646 | D:9      | Noticed a death yak
  7646 | D:9      | Noticed a death yak
  7646 | D:9      | Noticed a death yak
  7654 | D:9      | Killed a death yak
  7654 | D:9      | Reached skill level 10 in Shields
  7661 | D:9      | Killed a death yak
  7661 | D:9      | Reached skill level 11 in Fighting
  7675 | D:9      | Killed a death yak
  7678 | D:9      | Killed a death yak
  7975 | D:9      | Reached XP level 11. HP: 100/102 MP: 12/12
  8130 | Orc:1    | Entered Level 1 of the Orcish Mines
  8131 | Orc:1    | Noticed an orc sorcerer
  8132 | Orc:1    | Noticed an orc knight
  8134 | Orc:1    | Noticed a soul eater
  8144 | D:9      | Killed an orc sorcerer
  8194 | D:9      | Killed a death yak
  8387 | D:9      | Reached **** piety under Makhleb
  8534 | D:9      | Killed an orc knight
  8534 | D:9      | Reached skill level 12 in Fighting
  8940 | Orc:1    | Found Ejaisubi's Jewellery Emporium.
  9252 | D:5      | Bought the +7 long sword of Dithmenos's Whim {flame,
                  | Str+10} for 762 gold pieces
  9252 | D:5      | Bought a wand of digging (3) for 154 gold pieces
  9354 | D:6      | Noticed a four-headed hydra
  9362 | D:6      | Killed a one-headed hydra
  9436 | D:6      | Noticed a purple ugly thing
  9442 | D:6      | Killed a purple ugly thing
  9601 | D:10     | Entered Level 10 of the Dungeon
  9606 | D:10     | Noticed Psyche
  9609 | D:10     | Killed Psyche
  9685 | D:10     | Found Qidahez's Armour Shoppe.
  9839 | D:10     | Noticed a seven-headed hydra
  9852 | D:10     | Noticed a two-headed ogre
  9867 | D:10     | Killed a three-headed hydra
  9872 | D:10     | Reached skill level 13 in Fighting
  9878 | D:10     | Killed a two-headed ogre
  9922 | D:10     | Reached XP level 12. HP: 115/115 MP: 13/13
 10064 | D:10     | Reached ***** piety under Makhleb
 10166 | D:10     | Noticed Maurice
 10178 | D:10     | Killed Maurice
 10398 | D:11     | Found a flagged portal.
 10402 | D:11     | Identified the +9 hand axe "Orb Guardian's Regret" {freeze,
                  | +Fly Int+2} (You found it on level 11 of the Dungeon)
 10407 | Bailey   | Entered a bailey
 10652 | Bailey   | Reached skill level 14 in Fighting
 10652 | Bailey   | Reached XP level 13. HP: 125/125 MP: 14/14
 10799 | D:11     | Noticed Sonja
 10842 | D:11     | Found Jischy's Magic Scroll Shop.
 10864 | D:11     | Found a gate leading to a gauntlet.
 10872 | Gauntlet | Entered a Gauntlet
 10872 | Gauntlet | Found a transporter.
 10872 | Gauntlet | Found a runed translucent door.
 10873 | Gauntlet | Found a runed translucent door.
 10877 | Gauntlet | Found a transporter.
 10878 | Gauntlet | Found the ring of the Octopus King
 10879 | Gauntlet | Found a transporter.
 10890 | Gauntlet | Found a transporter.
 10896 | Gauntlet | Found a transporter.
 10899 | Gauntlet | Found a transporter.
 10900 | Gauntlet | Found the ring of the Mage {Wiz MR++ Int+3}
 10915 | Gauntlet | Found a transporter.
 10925 | Gauntlet | Found a transporter.
 10934 | Gauntlet | Found a runed translucent gate.
 10935 | Gauntlet | Found a transporter.
 10935 | Gauntlet | Found a runed translucent gate.
 10936 | Gauntlet | Found a runed translucent gate.
 10940 | Gauntlet | Found a transporter.
 10940 | Gauntlet | Found a transporter.
 10969 | Gauntlet | Found a transporter.
 10969 | Gauntlet | Found a transporter.
 11026 | Gauntlet | Found a transporter.
 11130 | Gauntlet | Got a ring of the Octopus King
 11135 | Gauntlet | Identified a ring of the Octopus King {MP+9 AC+1 EV+1 Str+1
                  | Int+1 Dex+1} (You found it in a Gauntlet)
 11389 | Gauntlet | Noticed a minotaur
 11400 | Gauntlet | Killed a minotaur
 11943 | D:11     | Killed Sonja
 12029 | D:11     | Bought a scroll of blinking for 120 gold pieces
 12031 | D:11     | Reached skill level 15 in Fighting
 12503 | D:12     | Found Kymioveywn's Antique Weapon Emporium.
 13029 | D:12     | Reached skill level 15 in Shields
 13162 | Lair:1   | Entered Level 1 of the Lair of Beasts
 13232 | Lair:1   | Reached ****** piety under Makhleb
 13614 | Lair:1   | Noticed Prince Ribbit
 13631 | Lair:1   | Killed Prince Ribbit
 14071 | Lair:2   | Reached skill level 16 in Fighting
 14071 | Lair:2   | Reached XP level 14. HP: 137/137 MP: 15/15
 14256 | Lair:2   | Found a staircase to the Snake Pit.
 14369 | Lair:2   | Noticed Gastronok
 14380 | Lair:2   | Killed Gastronok
 14403 | Lair:2   | Found a white marble altar of Elyvilon.
 14910 | Lair:3   | Reached skill level 1 in Invocations
 14924 | Lair:3   | Reached skill level 1 in Evocations
 15301 | Lair:3   | Found a staircase to the Swamp.
 15483 | Lair:4   | Reached skill level 5 in Dodging
 15569 | Lair:4   | Reached skill level 5 in Armour
 16186 | Lair:5   | Found a viscous altar of Jiyva.
 16186 | Lair:5   | Found a staircase to the Slime Pits.
 16858 | Lair:6   | Entered Level 6 of the Lair of Beasts
 16876 | Lair:6   | Noticed Rupert
 16889 | Lair:6   | Killed Rupert
 16950 | Lair:6   | Reached skill level 17 in Fighting
 17314 | Lair:6   | Reached XP level 15. HP: 147/147 MP: 17/17
 17990 | Orc:2    | Entered Level 2 of the Orcish Mines
 18096 | Orc:2    | Reached skill level 5 in Invocations
 18619 | Orc:2    | Noticed Saint Roka
 18622 | Orc:2    | Found a roughly hewn altar of Beogh.
 18668 | Orc:2    | Killed Saint Roka
 18668 | Orc:2    | Reached skill level 5 in Evocations
 18743 | Orc:2    | Noticed Donald
 18782 | Orc:2    | Killed Donald
 18893 | Orc:2    | Found Lyeta's Antique Armour Shoppe.
 18961 | Orc:2    | Found Soeshraal's General Store.
 18980 | Orc:2    | Bought 3 scrolls of teleportation for 126 gold pieces
 18980 | Orc:2    | Bought a scroll of teleportation for 42 gold pieces
 19068 | Orc:2    | Found a staircase to the Elven Halls.
 19264 | Orc:2    | Found a roughly hewn altar of Beogh.
 19264 | Orc:2    | Noticed Erolcha
 19281 | Orc:2    | Killed Erolcha
 19498 | Orc:2    | Found Loso's Assorted Antiques.
 19523 | Orc:2    | Bought a potion of curing for 81 gold pieces
 19529 | Orc:2    | Found Bietish's Magic Scroll Shop.
 19544 | Orc:2    | Bought a scroll of teleportation for 48 gold pieces
 20436 | D:13     | Found a stormy altar of Qazlal.
 21070 | D:14     | Learned a level 1 spell: Apportation
 21076 | D:14     | Learned a level 5 spell: Lee's Rapid Deconstruction
 21199 | D:14     | Reached skill level 18 in Fighting
 21350 | D:14     | Reached XP level 16. HP: 156/157 MP: 20/20
 21522 | D:14     | Found a runed translucent door.
 21573 | D:14     | Found a gate to the Vaults.
 21841 | D:14     | Noticed Voischum's ghost (journeyman GnWn)
 21987 | D:14     | Killed Voischum's ghost
 22042 | D:15     | Entered Level 15 of the Dungeon
 22100 | D:15     | Reached skill level 10 in Armour
 22128 | D:15     | Noticed a storm dragon
 22658 | Elf:1    | Entered Level 1 of the Elven Halls
 22874 | Elf:1    | Identified the Catalogue of Evil Rituals
 22976 | Elf:1    | Found Kuer One's Jewellery Boutique.
 23497 | Elf:3    | Entered Level 3 of the Elven Halls
 23737 | Swamp:1  | Entered Level 1 of the Swamp
 23754 | Swamp:1  | Reached skill level 10 in Dodging
 24788 | Swamp:2  | Reached skill level 5 in Earth Magic
 25534 | Swamp:3  | Found a runed translucent gate.
 25535 | Swamp:3  | Found a runed translucent gate.
 25548 | Swamp:3  | Found a runed translucent gate.
 25548 | Swamp:3  | Noticed Brecoman's ghost (journeyman TeAE)
 25548 | Swamp:3  | Noticed Thomus's ghost (adept MiBe)
 25549 | Swamp:3  | Noticed Peloso's ghost (journeyman MiFi)
 25549 | Swamp:3  | Noticed Qemahefa's ghost (adept GrFi)
 25552 | Swamp:3  | Noticed Jaoll's ghost (adept HuWr)
 25598 | Swamp:3  | Killed Jaoll's ghost
 25611 | Swamp:3  | Killed Qemahefa's ghost
 25625 | Swamp:3  | Killed Peloso's ghost
 25642 | Swamp:3  | Reached XP level 17. HP: 157/166 MP: 22/22
 25748 | Swamp:3  | Killed Brecoman's ghost
 26223 | Swamp:3  | Identified the cursed +0 ring mail "Moad" {MR+ Int+4} (You
                  | found it on level 3 of the Swamp)
 26280 | Swamp:3  | Killed Thomus's ghost
 26675 | Swamp:4  | Entered Level 4 of the Swamp
 26839 | Swamp:4  | Reached skill level 19 in Fighting
 27027 | Swamp:4  | Noticed the 27-headed Lernaean hydra
 27042 | Swamp:4  | Killed the 25-headed Lernaean hydra
 27095 | Swamp:4  | Got a decaying rune of Zot
 27307 | Swamp:4  | Reached skill level 1 in Transmutations
 27312 | Swamp:4  | Identified the +3 chain mail "Farudghe" {rPois rN+ Str+4}
                  | (You found it on level 4 of the Swamp)
 27428 | Swamp:4  | Reached skill level 5 in Spellcasting
 27751 | Snake:1  | Entered Level 1 of the Snake Pit
 28604 | Snake:1  | Noticed Aizul
 28624 | Snake:1  | Killed Aizul
 28735 | Snake:2  | Noticed Frances
 28955 | Snake:3  | Reached XP level 18. HP: 131/177 MP: 25/25
 29127 | Snake:3  | Found a frozen archway.
 29131 | IceCv    | Entered an ice cave
 29278 | IceCv    | Learned a level 2 spell: Blink
 29388 | IceCv    | Got a scorched short sword
 29389 | IceCv    | Identified the +6 short sword "Juvoqu" {protect, rC+ MR+
                  | Dex+4} (You found it in an ice cave)
 30316 | Snake:4  | Entered Level 4 of the Snake Pit
 30526 | Snake:4  | Noticed Vashnia
 30653 | Snake:4  | Killed Vashnia
 30653 | Snake:4  | Reached skill level 20 in Fighting
 31395 | Snake:4  | Got a serpentine rune of Zot
 32275 | Vaults:1 | Entered Level 1 of the Vaults
 32346 | Vaults:1 | Reached skill level 1 in Translocations
 32584 | Vaults:1 | Reached XP level 19. HP: 187/187 MP: 28/28
 34145 | Vaults:2 | Identified the ring "Bubudd" {+Fly rPois Str+7 Dex-2
                  | Stlth+}
 34146 | Vaults:2 | Reached skill level 15 in Armour
 34672 | Vaults:2 | Identified 3 scrolls of acquirement
 34785 | Vaults:2 | Identified the Almanac of Changing and Confrontation (You
                  | acquired it on level 2 of the Vaults)
 34805 | Vaults:2 | Reached skill level 21 in Fighting
 34885 | Vaults:2 | Reached XP level 20. HP: 180/198 MP: 31/31
 35168 | Vaults:3 | Found a staircase to the Crypt.
 35386 | Vaults:3 | Reached skill level 15 in Dodging
 36525 | Vaults:3 | Noticed Asterion
 36550 | Vaults:3 | Killed Asterion
 37003 | Vaults:4 | Reached skill level 5 in Transmutations
 37249 | Vaults:4 | Found Faer's Antique Weapon Emporium.
 37673 | Vaults:4 | Got a sparkling crystal amulet
 37674 | Vaults:4 | Identified the amulet "Gijasut" {Inacc rF+ Str-4 Int+4}
                  | (You found it on level 4 of the Vaults)
 38390 | D:15     | Found a staircase to the Depths.
 38881 | D:15     | Identified Sif Muna's Compendium of the Venomous Escort
 39171 | D:15     | Found a portal to a secret trove of treasure.
 39248 | Depths:1 | Entered Level 1 of the Depths
 39302 | Depths:1 | Found a magical portal.
 39371 | WizLab   | Reached XP level 21. HP: 206/206 MP: 33/33
 39393 | WizLab   | Found a transporter.
 39444 | WizLab   | Reached skill level 22 in Fighting
 39696 | WizLab   | Gained mutation: You are clumsy. (Dex -2) [a cacodemon]
 40064 | WizLab   | Found a transporter.
 40422 | WizLab   | Got a crude steel ring
 40424 | WizLab   | Got a heavily runed wooden ring
 40439 | WizLab   | Identified the ring of Egiebliu {+Inv Slay+2 Stlth+} (You
                  | found it in a wizard's laboratory)
 40440 | WizLab   | Identified the ring "Yfaan" {SInv Stlth-} (You found it in
                  | a wizard's laboratory)
 40540 | Depths:1 | Reached skill level 23 in Fighting
 40605 | Depths:1 | Found a sparkling altar of Nemelex Xobeh.
 40762 | Depths:1 | Found a one-way gate leading to the halls of Pandemonium.
 40822 | Depths:1 | Found a one-way gate to the infinite horrors of the Abyss.
 40827 | Depths:1 | Found a gateway to Hell.
 41025 | Depths:1 | Reached skill level 10 in Transmutations
 41359 | Depths:2 | Paralysed by a floating eye for 3 turns
 41541 | Depths:3 | Noticed Louise
 41746 | Depths:4 | Found a transporter.
 41846 | Depths:4 | Noticed a golden dragon
 41860 | Depths:4 | Killed a golden dragon
 41860 | Depths:4 | Reached skill level 24 in Fighting
 41886 | Depths:4 | Reached XP level 22. HP: 195/222 MP: 31/34
 42049 | Depths:4 | Killed Louise
 42335 | Depths:4 | Found a transporter.
 42338 | Depths:4 | Found a corrupted altar of Lugonu.
 42454 | Depths:5 | Entered Level 5 of the Depths
 42550 | Depths:3 | Reached skill level 25 in Fighting
 43091 | Depths:2 | Paralysed by a floating eye for 4 turns
 43121 | Depths:2 | Voluntarily entered the Abyss.
 43287 | Depths:2 | Escaped the Abyss
 43390 | Depths:2 | Reached skill level 26 in Fighting
 43396 | Depths:2 | Found Wiem Bykae's Book Emporium.
 43459 | Depths:2 | Bought Sif Muna's Tome of Virous Protection for 1380 gold
                  | pieces
 43487 | Depths:2 | Learned a level 3 spell: Spectral Weapon
 43698 | Depths:2 | Noticed a caustic shrike
 43712 | Depths:2 | Killed a caustic shrike
 43877 | Depths:2 | Found a gateway to a ziggurat.
 43987 | Depths:2 | Identified the +6 chain mail "Meresadgh" {Str+2 Int-5 Dex+4
                  | Slay+3} (You found it on level 2 of the Depths)
 44056 | Depths:2 | Identified the +0 plate armour "Hikluts" {rF+} (You found
                  | it on level 2 of the Depths)
 44058 | Depths:2 | Identified the cursed +1 leather armour of the Big Bang
                  | {rElec rPois} (You found it on level 2 of the Depths)
 45193 | Elf:2    | Found a runed translucent door.
 45215 | Elf:2    | Found a runed translucent door.
 45260 | Elf:3    | Reached skill level 27 in Fighting
 45423 | Elf:3    | Found Werayfun's Antique Armour Shoppe.
 45430 | Elf:3    | Bought a crude scale mail for 252 gold pieces
 45430 | Elf:3    | Identified the cursed +1 scale mail of Chill Winds {*Drain
                  | rPois rN+++ Str-2} (You bought it in a shop on level 3 of
                  | the Elven Halls)
 45709 | Elf:3    | Reached XP level 23. HP: 240/240 MP: 35/35
 45951 | Elf:3    | Identified the Grimoire of the Arsonist and the Entourage
 45970 | Elf:3    | Identified the Compendium of the Glacier
 45973 | Elf:3    | Got a faintly glowing golden ring
 45974 | Elf:3    | Identified the ring of the Leaf {*Tele rC+++ Int-2} (You
                  | found it on level 3 of the Elven Halls)
 45976 | Elf:3    | Identified the Reference Book on Arcane Weapons
 45992 | Elf:3    | Identified the ring of Vodka {-Tele AC+3 Dex+3 Stlth+} (You
                  | found it on level 3 of the Elven Halls)
 46009 | Elf:3    | Identified the ring of Xom's Best Wishes {rC+ Str+3 Int+3}
                  | (You found it on level 3 of the Elven Halls)
 46051 | Elf:3    | Identified the +3 scale mail "Loli" {*Corrode rPois Regen+
                  | Int+3} (You found it on level 3 of the Elven Halls)
 46342 | Orc:2    | Bought a fine plate armour for 700 gold pieces
 46352 | Orc:2    | Identified the +3 plate armour of Fashionability {MR+
                  | Regen+ Int-2 Dex+3} (You bought it in a shop on level 2 of
                  | the Orcish Mines)
 46434 | Orc:2    | Bought a scroll of enchant weapon for 120 gold pieces
 46434 | Orc:2    | Bought a scroll of magic mapping for 56 gold pieces
 46445 | Orc:2    | Bought a scroll of magic mapping for 94 gold pieces
 46445 | Orc:2    | Bought a scroll of magic mapping for 94 gold pieces
 46466 | Orc:2    | Bought a wand of clouds (6) for 324 gold pieces
 46538 | Orc:2    | Bought 3 scrolls of identify for 84 gold pieces
 46538 | Orc:2    | Bought a scroll of identify for 28 gold pieces
 46902 | Crypt:1  | Entered Level 1 of the Crypt
 47307 | Crypt:1  | Noticed Sojobo
 47551 | Crypt:1  | Killed Sojobo
 47845 | Crypt:2  | Noticed Mara
 47846 | Crypt:2  | Noticed Amplified's illusion
 48211 | Crypt:2  | Noticed Jory
 48259 | Crypt:2  | Killed Jory
 48988 | Crypt:2  | Reached skill level 5 in Maces & Flails
 49078 | Crypt:2  | Noticed Amplified's illusion
 49084 | Crypt:3  | Entered Level 3 of the Crypt
 49090 | Crypt:3  | Noticed Amplified's illusion
 49129 | Crypt:3  | Killed Mara
 49242 | Crypt:3  | Reached skill level 10 in Maces & Flails
 49523 | Crypt:3  | Found a basalt altar of Yredelemnul.
 49523 | Crypt:3  | Noticed an ancient lich
 49558 | Crypt:3  | Killed an ancient lich
 49897 | Crypt:3  | Reached skill level 15 in Maces & Flails
 50067 | Crypt:3  | Reached XP level 24. HP: 153/249 MP: 35/35
 50268 | Crypt:3  | Found a staircase to the Tomb.
 51051 | Depths:4 | Learned a level 5 spell: Borgnjor's Vile Clutch
 51083 | Depths:4 | Reached skill level 1 in Charms
 51089 | Depths:4 | Reached skill level 1 in Hexes
 51153 | Depths:4 | Got a transparent silver ring
 51156 | Depths:4 | Identified the ring "Odeexaun" {+Fly rC- Str+5 Int+2 Dex+4}
                  | (You found it on level 4 of the Depths)
 52146 | Depths:5 | Reached skill level 1 in Necromancy
 52964 | Slime:1  | Entered Level 1 of the Pits of Slime
 53010 | Slime:1  | Gained mutation: You are very clumsy. (Dex -4) [a shining
                  | eye]
 53013 | Slime:1  | Gained mutation: Your magical capacity is low. (-10% MP) [a
                  | shining eye]
 53017 | Slime:1  | Gained mutation: Potions are less effective at restoring
                  | your health. [a shining eye]
 53020 | Slime:1  | Reached skill level 10 in Spellcasting
 53376 | Slime:2  | Reached skill level 10 in Earth Magic
 54058 | Slime:5  | Entered Level 5 of the Pits of Slime
 54193 | Slime:5  | Gained mutation: You are dopey. (Int -2) [a shining eye]
 54442 | Slime:5  | Gained mutation: You tend to lose your temper in combat. [a
                  | shining eye]
 54655 | Slime:5  | Found a viscous altar of Jiyva.
 54880 | Slime:5  | Gained mutation: Your magical capacity is very low. (-20%
                  | MP) [a shining eye]
 54884 | Slime:5  | Gained mutation: You are weak. (Str -2) [a shining eye]
 54886 | Slime:5  | Reached XP level 25. HP: 257/257 MP: 21/29
 54950 | Slime:5  | Reached skill level 5 in Necromancy
 55403 | Slime:5  | Lost mutation: You are very clumsy. (Dex -4) [potion of
                  | mutation]
 55403 | Slime:5  | Lost mutation: You tend to lose your temper in combat.
                  | [potion of mutation]
 55403 | Slime:5  | Lost mutation: You are dopey. (Int -2) [potion of mutation]
 55403 | Slime:5  | Gained mutation: Your magical capacity is extremely low.
                  | (-30% MP) [potion of mutation]
 55403 | Slime:5  | Gained mutation: You are resistant to hostile enchantments.
                  | (MR+) [potion of mutation]
 55404 | Slime:5  | Lost mutation: You are clumsy. (Dex -2) [potion of
                  | mutation]
 55404 | Slime:5  | Lost mutation: Your magical capacity is extremely low.
                  | (-30% MP) [potion of mutation]
 55404 | Slime:5  | Gained mutation: You are highly resistant to hostile
                  | enchantments. (MR++) [potion of mutation]
 55404 | Slime:5  | Gained mutation: You are partially covered in yellow
                  | scales. (AC +2) [potion of mutation]
 55408 | Slime:5  | Lost mutation: You are highly resistant to hostile
                  | enchantments. (MR++) [potion of mutation]
 55408 | Slime:5  | Lost mutation: You are weak. (Str -2) [potion of mutation]
 55408 | Slime:5  | Lost mutation: You are resistant to hostile enchantments.
                  | (MR+) [potion of mutation]
 55408 | Slime:5  | Lost mutation: Potions are less effective at restoring your
                  | health. [potion of mutation]
 55408 | Slime:5  | Gained mutation: Armour fits poorly on your strangely
                  | shaped body. [potion of mutation]
 55408 | Slime:5  | Gained mutation: You are resistant to hostile enchantments.
                  | (MR+) [potion of mutation]
 55409 | Slime:5  | Lost mutation: Your magical capacity is very low. (-20% MP)
                  | [potion of mutation]
 55409 | Slime:5  | Lost mutation: Your magical capacity is low. (-10% MP)
                  | [potion of mutation]
 55409 | Slime:5  | Gained mutation: Your flesh is heat resistant. (rF+)
                  | [potion of mutation]
 55409 | Slime:5  | Gained mutation: You have a pair of large horns on your
                  | head. [potion of mutation]
 55409 | Slime:5  | Lost mutation: You are resistant to hostile enchantments.
                  | (MR+) [potion of mutation]
 55409 | Slime:5  | Gained mutation: Your muscles are strong. (Str +2) [potion
                  | of mutation]
 55416 | Slime:5  | Noticed the Royal Jelly
 55842 | Slime:5  | Learned a level 1 spell: Confusing Touch
 55878 | Slime:5  | Learned a level 6 spell: Iron Shot
 55885 | Slime:5  | Learned a level 6 spell: Deflect Missiles
 55988 | Slime:5  | HP: 10/256 [azure jelly[the Royal Jelly] (17)]
 55988 | Slime:5  | Mangled by the Royal Jelly

Levels and vault maps discovered:
D:1:      dpeg_arrival_windows_large_door, layout_rooms
D:2:      layout_loops_ring
D:3:      layout_basic, uniq_natasha
D:4:      layout_cave_pools, marbit_many_paths, minmay_temple_entry_butterflies
D:5:      layout_cave_pools, first_ration, serial_shops, nicolae_shop_stone,
          hangedman_abyss_or_decor_lesser_grid, minmay_misc_feat_alley,
          uniq_pikel
D:6:      kennysheep_windowed_halls, layout_basic, basic_altar,
          nicolae_benzene_ring, minmay_lizard_king
D:7:      layout_rooms, uniq_menkaure, uniq_joseph
D:8:      layout_basic, basic_altar, grunt_pizzeria, uniq_grum
D:9:      layout_basic, dpeg_lair_monsters, erik_orc_1
D:10:     layout_irregular_city, serial_shops, shop, uniq_maurice, uniq_psyche
D:11:     layout_stronghold, gauntlet_entry_generic, serial_shops,
          nicolae_shop_crystal, enter_bailey_2, uniq_sonja
D:12:     layout_basic, serial_shops, nicolae_shop_crystal
D:13:     layout_basic, hangedman_decor_diamond_cutter,
          nicolae_qazlal_general_emergency
D:14:     layout_gridville, skrybe_vaults_entry_preservation,
          ebering_ghost_inner_flame, st_stairs_11
D:15:     grunt_enter_depths_giant_problem, layout_gridville, nicolae_sextant,
          enter_trove_5, minmay_radiant
Temple:   grunt_wide_crystal_templ
Lair:1:   layout_cave_pods, chequers_serial_rivers_micro_d,
          chequers_serial_rivers_small_a, lemuel_fruit_tree, grunt_megastairs_2,
          uniq_prince_ribbit2
Lair:2:   layout_roguey, guppyfry_snake_entry_island, lemuel_oklob_altar,
          minmay_lair_oklob_chamber, uniq_gastronok
Lair:3:   layout_chaotic_city, nicolae_swamp_entry_splash_gauntlet,
          beast_lair_carwin_11, grunt_megastairs_5, infiniplex_staircase_pool
Lair:4:   layout_concentric_octagons
Lair:5:   beast_lair_carwin_large_4, layout_misc_corridors, slime_altar_1
Lair:6:   minmay_lair_end_enchanted_forest, layout_regular_city, uniq_rupert
Swamp:1:  layout_basic_swamp, hangedman_swamp_diagram
Swamp:2:  layout_falls_marsh, evilmike_swamp_ruin_house_2
Swamp:3:  cheibrodos_swamp_heart_of_darkness, layout_basic_swamp,
          gammafunk_ghost_cemetery, nicolae_swamp_triple_paths
Swamp:4:  grunt_swamp_rune_castle, layout_basic_swamp
Snake:1:  layout_basic, st_stairs_3, grunt_megastairs_3, uniq_aizul
Snake:2:  layout_rooms, uniq_roxanne, uniq_frances
Snake:3:  layout_cave_town, portal_ice_cave_entry_pillars_four
Snake:4:  snake_pit, layout_onion_interference, serial_shops, shop,
          grunt_ministairs_2, drop_trap, hangedman_corner_corridor, uniq_vashnia
Slime:1:  layout_caves
Slime:2:  layout_caves
Slime:3:  layout_caves
Slime:4:  layout_caves
Slime:5
Orc:1:    layout_diamond_mine, serial_shops, nicolae_shop_crystal,
          nicolae_orc_bridge_out
Orc:2:    pubby_orc_utopia, uniq_erolcha, uniq_donald
Elf:1:    layout_geoelf_diagonals, serial_shops, shop, minmay_elf_necromancy,
          grunt_ministairs_10
Elf:2:    layout_geoelf_grid, special_room [special_room_orc]
Elf:3:    elf_hall, layout_rooms, serial_shops, nicolae_shop_window_shopping
Vaults:1: v_misc_17, v_alt_pattern_5, vaults_dpeg_ring, vaults_mumra_bighexcomb,
          v_misc_29, v_misc_14, nicolae_vaults_shelves_hall, grunt_vaults_swirl,
          vaults_dpeg_cross, dpeg_vaults_monster_row, ontoclasm_vaults_fault,
          layout_vaults_omnicross
Vaults:2: hangedman_vaults_nails, hangedman_vaults_stagger, st_lattice,
          hangedman_vaults_capsules, v_pattern_5, nicolae_vaults_hallways_thing,
          vaults_mumra_minichess, vaults_standard_mumra_x, nicolae_vaults_theta,
          vaults_dpeg_spiral, nicolae_vaults_ring_of_whatevers,
          layout_vaults_ring
Vaults:3: vaults_room_pools, minmay_crypt_entry_simple_plaza,
          nicolae_vaults_meeting, ontoclasm_vaults_ring_small, v_misc_19,
          vaults_dpeg_encased_lava, v_misc_18, nicolae_vaults_ring_of_whatevers,
          vaults_room_hallway, v_misc_28, layout_vaults_big_room, uniq_asterion,
          uniq_saint_roka
Vaults:4: nicolae_vaults_statue_guard, nicolae_vaults_three_branches, v_misc_33,
          ontoclasm_vaults_shuriken, v_misc_26, ontoclasm_vaults_misaligned,
          v_misc_24, nicolae_vaults_ninety_degrees, hangedman_vaults_restitches,
          ontoclasm_vaults_loading_screen, layout_vaults_quadrants,
          serial_shops, shop
Crypt:1:  layout_chaotic_city, grunt_ministairs_1, uniq_sojobo
Crypt:2:  layout_misc_corridors, uniq_jory, uniq_mara
Crypt:3:  cryptofortress_bobbens
Depths:1: layout_cave_shapes, abyss_entry, lightli_enter_wizlab_magi_temple,
          grunt_pan_entry_spiral, grunt_decor_fettered, hell_entry,
          minmay_misc_feat_plants, drop_trap, grunt_ministairs_7,
          nemelex_diamond_rough_becter
Depths:2: minmay_expanding_squares, layout_cave_pools, enter_ziggurat_b,
          nrook_mini_vaults, hell_entry, abyss_entry, serial_shops,
          nicolae_shop_behind_doors
Depths:3: nicolae_whirlpool, layout_cave_pools,
          nicolae_abyss_entry_one_way_or_another, pan_entry, pf_coc_iceberg,
          chequers_serial_rivers_micro_e
Depths:4: gammafunk_corrupted_shrine, layout_long_grid, minmay_room_of_horrors,
          hex_tiny, hangedman_tar_grid_catacomb, kennysheep_flooded_box
Depths:5: evilmike_zot_entry_round, layout_cave_pools, roderic_three_in_a_row,
          grunt_hell_horde, serial_column_ruins, column_ruins_columns_corner,
          column_ruins_open_medium, column_ruins_open_small,
          column_ruins_open_tiny, grunt_pan_entry_in_and_out,
          minmay_misc_feat_rugged

Skill      XL: |  1  2  3  4  5  6  7  8  9 10 11 12 13 14 15 16 17 18 19 20 21 22 23 24 25 |
---------------+----------------------------------------------------------------------------+-----
Fighting       | 1 2 3 4 7 8 9 11 13 14 16 17 18 19 20 21 24 27 | 27.0
Armour         | 1 2 3 4 7 9 11 12 14 15 16 18 | 18.3
Dodging        | 3 4 6 9 10 12 13 14 16 19 20 | 20.6
Maces & Flails | 1 15 16 | 16.0
Long Blades    | 2 5 6 8 10 12 13 14 | 14.2
Shields        | 1 5 6 8 10 12 13 15 | 15.9
Invocations    | 4 6 |  6.8
Evocations     | 4 6 |  6.1
Earth Magic    | 5 6 7 9 10 | 10.8
Spellcasting   | 4 5 7 8 9 10 | 10.8
Transmutations | 2 6 11 | 11.2
Translocations | 1 2 |  2.5
Charms         | 3 |  3.0
Hexes          | 3 |  3.0
Necromancy     | 4 5 |  5.1
Stealth        | |  1.5

Action                   |  1- 3 |  4- 6 |  7- 9 | 10-12 | 13-15 | 16-18 | 19-21 | 22-24 | 25-27 || total
-------------------------+-------+-------+-------+-------+-------+-------+-------+-------+-------++-------
Melee: Unarmed           |    80 |    29 |       |       |       |       |       |       |       ||   109
       Headbutt          |    19 |    27 |    66 |   154 |   416 |   638 |   884 |   973 |    35 ||  3212
       Flail             |       |    82 |   106 |       |       |       |       |       |       ||   188
       Mace              |       |     1 |       |       |       |       |       |       |       ||     1
       Whip              |       |       |   204 |   406 |       |       |       |       |       ||   610
       Long sword        |       |       |       |   197 |  1339 |  1852 |  2002 |  1722 |       ||  7112
       Eveningstar       |       |       |       |       |       |       |       |   780 |    97 ||   877
Throw: Dart              |       |       |     2 |       |     2 |     2 |       |     1 |       ||     7
       Throwing net      |       |       |       |       |       |     4 |     1 |     5 |       ||    10
 Cast: Sandblast         |    11 |    18 |       |       |       |       |       |       |       ||    29
       Passwall          |       |       |       |       |       |     1 |       |       |       ||     1
       Lee's Rapid Decon |       |       |       |       |       |       |     3 |     1 |       ||     4
       Spectral Weapon   |       |       |       |       |       |       |       |    53 |     7 ||    60
       Borgnjor's Vile C |       |       |       |       |       |       |       |    11 |       ||    11
       Deflect Missiles  |       |       |       |       |       |       |       |       |     1 ||     1
Invok: Lesser Servant of |       |       |       |     4 |     2 |    25 |     6 |     7 |       ||    44
       Greater Servant o |       |       |       |       |     1 |     1 |     1 |       |       ||     3
       Major Destruction |       |       |       |       |       |     1 |       |       |       ||     1
Evoke: Wand              |       |       |     5 |    18 |    10 |     8 |       |    12 |     2 ||    55
       Lamp of fire      |       |       |       |       |     3 |     5 |     3 |     2 |     1 ||    14
       Box of beasts     |       |       |       |       |       |       |     1 |       |       ||     1
       Phantom mirror    |       |       |       |       |       |       |       |     2 |     2 ||     4
  Use: Scroll            |     6 |     3 |     6 |    11 |    23 |    25 |    21 |    21 |     4 ||   120
       Potion            |     1 |     5 |     3 |     4 |     6 |    15 |     7 |    13 |    11 ||    65
 Stab: Sleeping          |     4 |     1 |     1 |       |     5 |       |       |       |       ||    11
       Confused          |       |       |     6 |     2 |       |     1 |       |       |       ||     9
       Paralysed         |       |       |       |    27 |     2 |     1 |       |       |       ||    30
       Distracted        |       |       |       |       |     1 |     8 |     2 |    10 |       ||    21
       Invisible         |       |       |       |       |       |     4 |       |     6 |       ||    10
       Held in net/web   |       |       |       |       |       |       |       |     3 |       ||     3
  Eat: Chunk             |     1 |     1 |     4 |    11 |    46 |    10 |    39 |    29 |       ||   141
       Ration            |     1 |     1 |     3 |     3 |     3 |     7 |       |     4 |     2 ||    24
Armor: Ring mail         |    31 |    39 |   111 |   191 |   239 |   169 |       |       |       ||   780
       Skin              |       |       |    31 |       |       |       |       |       |       ||    31
       Chain mail        |       |       |       |       |       |   199 |   335 |   135 |       ||   669
       Scale mail        |       |       |       |       |       |       |       |   350 |    36 ||   386
Dodge: Dodged            |    53 |    91 |   176 |   296 |   456 |   797 |   826 |  1282 |    88 ||  4065
Block: Buckler           |       |     8 |    94 |   158 |    47 |       |       |       |       ||   307
       Shield            |       |       |       |       |   608 |  1276 |  1360 |  1577 |    94 ||  4915
       Reflection        |       |       |       |       |    18 |   103 |    94 |    70 |     1 ||   286
       Rpst.: Long sword |       |       |       |    20 |   108 |   122 |   166 |   171 |       ||   587
